 Dungeon Crawl Stone Soup version 0.19.1-1-g22dce08 (webtiles) character file.

4393 Haldmier the Martial Artist (level 10, 0/51 HPs)
             Began as a Vine Stalker Transmuter on Dec 30, 2016.
             Was a Believer of Makhleb.
             Slain by a spectral orc warrior
             ... wielding a +1 trident of venom
             ... summoned by Nergalle
              (1 damage)
             ... on level 10 of the Dungeon.
             The game lasted 00:38:44 (8939 turns).

Haldmier the Martial Artist (VSTm)                  Turns: 8939, Time: 00:38:44

Health: 0/51       AC:  5    Str: 14    XL:     10   Next: 35%
Magic:  0/16       EV: 16    Int: 16    God:    Makhleb [**....]
Gold:   542        SH:  0    Dex: 14    Spells: 3 memorised, 9 levels left

rFire  . . .     SeeInvis .       - Unarmed
rCold  + . .     Gourm    .     b - +0 robe
rNeg   . . .     Faith    .     (no shield)
rPois  .         Spirit   +     (no helmet)
rElec  .         Reflect  .     g - +1 cloak
rCorr  .         Harm     .     (no gloves)
MR     +....                    u - +0 pair of boots
Stlth  ++........               (no amulet)
                                D - +3 ring of evasion
                                O - ring of protection from cold

@: lethally poisoned (0 -> -15), appendage, drained
A: fangs 3, horns 2, regeneration 1, magic shield, antimagic bite, no device
heal 3, rot immunity
a: End Transformation, Minor Destruction, Renounce Religion


You were on level 10 of the Dungeon.
You worshipped Makhleb.
Makhleb was pleased with you.
You were near starving.
You had grown temporary horns.
You visited 2 branches of the dungeon, and saw 11 of its levels.

You collected 542 gold pieces.

Inventory:

Hand Weapons
 f - a +0 hunting sling
Missiles
 a - 118 arrows
 e - 236 stones (quivered)
 m - 71 sling bullets
 q - 8 javelins
 y - 14 tomahawks
 G - a throwing net
Armour
 b - a +0 robe (worn)
 g - a +1 cloak (worn)
 s - a +0 helmet
 u - a +0 pair of boots (worn)
Jewellery
 l - a +2 ring of dexterity
 n - an uncursed ring of ice
 D - a +3 ring of evasion (right hand)
 M - a cursed ring of loudness {unknown}
 O - a ring of protection from cold (left hand)
 Q - an uncursed ring of see invisible {unknown}
Wands
 v - a wand of iceblast (8/15)
 C - a wand of acid (6/15)
 F - a wand of iceblast (2/15)
 H - a wand of enslavement (11/24)
 J - a wand of lightning (8/15)
Scrolls
 i - a scroll of immolation
 k - 2 scrolls of identify
 p - 4 scrolls of fear
 t - a scroll of teleportation
 x - 5 scrolls of remove curse
 L - 2 scrolls of magic mapping
 N - a scroll of amnesia {unknown}
 P - a scroll of noise {unknown}
Potions
 j - 2 potions of curing {unknown}
 o - 5 potions of might
 r - 3 potions of lignification
 w - 2 potions of brilliance
 z - 2 potions of haste
 E - a potion of heal wounds
 K - a potion of flight {unknown}
Books
 c - a book of Changes

   Spells                             Type                      Level
   a - Beastly Appendage              Transmutation                1
   b - Sticks to Snakes               Transmutation                2
   c - Spider Form                    Transmutation/Poison         3
   d - Ice Form                       Ice/Transmutation            4
   e - Blade Hands                    Transmutation                5
 I - a book of Flames

   Spells                             Type                      Level
   a - Flame Tongue                   Conjuration/Fire             1
   b - Throw Flame                    Conjuration/Fire             2
   c - Conjure Flame                  Conjuration/Fire             3
   d - Inner Flame                    Hexes/Fire                   3
   e - Sticky Flame                   Conjuration/Fire             4
   f - Fireball                       Conjuration/Fire             5
Comestibles
 d - 5 bread rations
 h - 5 meat rations
 A - 3 fruits
 B - 2 slices of pizza
 R - 7 royal jellies
 S - a beef jerky


   Skills:
 + Level 4.7(3.8) Fighting
 + Level 4.0(3.1) Dodging
 - Level 3.5(2.6) Stealth
 * Level 8.5(7.4) Unarmed Combat
 + Level 3.4(2.5) Spellcasting
 * Level 7.5(6.5) Transmutations
 - Level 2.5(1.6) Poison Magic
 + Level 3.4(2.5) Invocations
 + Level 3.6(2.7) Evocations


You had 9 spell levels left.
You knew the following spells:

 Your Spells              Type           Power        Failure   Level  Hunger
a - Beastly Appendage     Tmut           ###...       1%          1    #......
b - Sticks to Snakes      Tmut           ###.....     1%          2    ##.....
c - Spider Form           Tmut/Pois      ###.......   12%         3    ###....


Dungeon Overview and Level Annotations

Branches:
Dungeon (10/15)            Temple (1/1) D:6
   Lair: D:8-11         Orc: D:9-12

Altars:
Ashenzari
Cheibriados
Dithmenos
Elyvilon
Fedhas
Gozag
Hepliaklqana
Kikubaaqudgha
Makhleb
Nemelex Xobeh
Okawaru
Qazlal
Ru
Sif Muna
Trog
Uskayaw
Vehumet
Xom
Yredelemnul
Zin
The Shining One

Annotations:
D:10 Nergalle


Innate Abilities, Weirdness & Mutations

You have razor-sharp teeth.
Your natural rate of healing is unusually fast.
When hurt, damage is shared between your health and your magic reserves.
Your bite disrupts and absorbs the magic of your enemies.
Potions and wands cannot restore your health.
You are immune to rotting.
You have a pair of horns on your head.


Message History

Nergalle hits you with a dagger.
Your adder closely misses the spectral orc warrior.
The spectral orc hits you but does no damage.
Your ball python bites Nergalle but does no damage.
Your ball python constricts Nergalle.
You take 1 damage, and have 13/51 hp.
You barely miss Nergalle. You headbutt Nergalle.
Nergalle is almost dead.
* * * LOW HITPOINT WARNING * * *
You feel sick.
Your adder withers and dies!
The spectral orc knight hits you with a great sword!
* * * LOW HITPOINT WARNING * * *
You feel drained.
* * * LOW HITPOINT WARNING * * *
Your ball python bites Nergalle but does no damage.
Your ball python constricts Nergalle.
Nergalle drinks a potion.
Nergalle is healed!
The spectral orc warrior hits you from afar with a trident of venom.
You die...

.. .. #...###.# # #.##.
###.....# ###. #.#..
####..# # ....##...# #..#
.# ........# ###..##.#
......#.#########.......#
.######......[†[o.#.<...###
.....).....Zo####.......##
######.####S@Z.###......###
#.# #.Z#............#
####.#####.####.>.....#.##
#..........# #........>.#
#.<...^..... #......#####
#<........##. #......#
................# .
#.###### #####...........#
... #...........# ..


You could see Nergalle, a spectral orc, a spectral orc warrior, a spectral orc
knight and a friendly ball python.

Vanquished Creatures
  Joseph (D:9)
  A troll (D:9)
  A queen bee (D:8)
  A hippogriff (D:8)
  5 orc warriors
  An ice beast (D:7)
  A sky beast (D:6)
  A black bear (D:10)
  2 phantoms
  A necrophage (D:7)
  An ogre (D:8)
  2 centaurs
  2 bullfrogs
  2 gnoll sergeants
  A scorpion (D:6)
  3 wights (D:10)
  12 killer bees
  A howler monkey (D:6)
  2 bullfrog zombies
  A centaur zombie (D:7)
  4 crimson imps
  2 orc priests
  5 hounds
  A gnoll shaman (D:6)
  2 bullfrog skeletons
  A centaur skeleton (D:8)
  2 iguanas
  Natasha (twice) (D:3)
  4 orc wizards
  6 worker ants
  21 gnolls
  12 adders
  An ooze (D:1)
  A worm (D:4)
  A dart slug (D:1)
  4 leopard geckos
  22 orcs
  A ball python (D:4)
  3 giant cockroaches
  8 goblins
  3 hobgoblins
  10 jackals
  3 quokkas (D:3)
  9 bats
  4 frilled lizards
  A giant cockroach zombie (D:5)
  A jackal zombie (D:8)
  7 kobolds
  A quokka zombie (D:7)
  2 rats
186 creatures vanquished.

Vanquished Creatures (collateral kills)
  Natasha (D:3)
1 creature vanquished.

Grand Total: 187 creatures vanquished

Notes
Turn   | Place    | Note
-------+----------+-------------------------------------------
     0 | D:1      | Haldmier the Vine Stalker Transmuter began the quest for the Orb.
     0 | D:1      | Reached XP level 1. HP: 9/9 MP: 4/4
    50 | D:1      | Reached skill level 1 in Fighting
   432 | D:1      | Reached XP level 2. HP: 10/14 MP: 4/6
   629 | D:1      | Learned a level 2 spell: Sticks to Snakes
  1004 | D:1      | Reached XP level 3. HP: 16/18 MP: 7/7
  1020 | D:1      | Learned a level 3 spell: Spider Form
  1755 | D:2      | Gained mutation: Your natural rate of healing is unusually fast. [Vine Stalker growth]
  1755 | D:2      | Reached XP level 4. HP: 21/22 MP: 6/8
  1839 | D:2      | Reached skill level 4 in Unarmed Combat
  1842 | D:2      | Reached skill level 1 in Poison Magic
  2238 | D:3      | Found an iron altar of Okawaru.
  2238 | D:3      | Found a hazy altar of Hepliaklqana.
  2249 | D:3      | Found a white marble altar of Elyvilon.
  2251 | D:3      | Found a sparkling altar of Nemelex Xobeh.
  2252 | D:3      | Found a glowing golden altar of the Shining One.
  2324 | D:3      | Noticed Natasha
  2337 | D:3      | Killed Natasha
  2337 | D:3      | Reached XP level 5. HP: 21/26 MP: 7/9
  2610 | D:3      | Noticed Natasha
  2691 | D:3      | Killed Natasha
  2703 | D:3      | Noticed Natasha
  2709 | D:3      | Killed Natasha
  2764 | D:3      | Reached XP level 6. HP: 14/30 MP: 2/10
  3394 | D:4      | Reached skill level 5 in Unarmed Combat
  3652 | D:5      | Entered Level 5 of the Dungeon
  3873 | D:5      | Reached XP level 7. HP: 35/35 MP: 9/11
  3960 | D:5      | Found a hide-covered altar of Uskayaw.
  4341 | D:6      | Reached skill level 1 in Stealth
  4411 | D:6      | Reached skill level 6 in Unarmed Combat
  4486 | D:6      | Reached skill level 1 in Evocations
  4538 | D:6      | Gained mutation: You have razor-sharp teeth. [Vine Stalker growth]
  4538 | D:6      | Reached XP level 8. HP: 37/40 MP: 9/12
  4936 | D:6      | Reached skill level 5 in Transmutations
  5277 | D:6      | Found a staircase to the Ecumenical Temple.
  5284 | Temple   | Entered the Ecumenical Temple
  5488 | Temple   | Became a worshipper of Makhleb the Destroyer
  5577 | D:7      | Found a radiant altar of Vehumet.
  5694 | D:7      | Reached skill level 7 in Unarmed Combat
  5726 | D:7      | Reached XP level 9. HP: 45/45 MP: 13/13
  5787 | D:7      | Reached skill level 1 in Invocations
  6010 | D:7      | Reached * piety under Makhleb
  6395 | D:7      | Found a glowing silver altar of Zin.
  6697 | D:8      | You fall through a shaft for 2 floors!
  6697 | D:10     | Entered Level 10 of the Dungeon
  6955 | D:9      | Noticed a troll
  6973 | D:9      | Killed a troll
  7424 | D:8      | Reached skill level 8 in Unarmed Combat
  7455 | D:9      | Noticed Joseph
  7600 | D:8      | Noticed a queen bee
  7648 | D:9      | Killed Joseph
  7648 | D:9      | Reached XP level 10. HP: 51/51 MP: 7/15
  8344 | D:8      | Reached ** piety under Makhleb
  8828 | D:10     | Noticed Nergalle
  8939 | D:10     | HP: 1/51 [spectral orc knight/great sword[Nergalle] (2)]
  8939 | D:10     | Slain by a spectral orc warrior

Skill      XL: |  1  2  3  4  5  6  7  8  9 10 |
---------------+-------------------------------+-----
Fighting       | 1 2 3 4 |  4.7
Unarmed Combat | 4 5 6 7 8 |  8.5
Poison Magic   | 1 2 |  2.5
Transmutations | 3 4 5 7 |  7.5
Dodging        | 2 3 4 |  4.0
Stealth        | 2 3 |  3.5
Evocations     | 1 2 3 |  3.6
Invocations    | 3 |  3.4
Spellcasting   | 3 |  3.4

Action                   |  1- 3 |  4- 6 |  7- 9 | 10-12 || total
-------------------------+-------+-------+-------+-------++-------
Melee: Unarmed           |   122 |   207 |   339 |   124 ||   792
       Kick              |    17 |       |       |       ||    17
       Bite              |    22 |    49 |    79 |    21 ||   171
       Headbutt          |     3 |    31 |    50 |    19 ||   103
       Punch             |     2 |     3 |    11 |     1 ||    17
Throw: Stone             |     3 |       |       |       ||     3
 Cast: Beastly Appendage |    26 |    36 |    39 |     9 ||   110
       Spider Form       |       |     1 |    13 |     3 ||    17
       Sticks to Snakes  |       |     1 |     8 |     4 ||    13
  Use: Scroll            |       |     9 |     5 |       ||    14
       Potion            |       |       |     1 |       ||     1
 Stab: Sleeping          |     4 |       |     3 |       ||     7
       Distracted        |       |       |     1 |       ||     1
  Eat: Chunk             |     3 |     8 |    14 |     2 ||    27
       Royal jelly       |       |       |       |     1 ||     1
Armor: Robe              |    33 |    37 |    30 |    11 ||   111
       Skin              |       |       |     5 |     1 ||     6
Dodge: Dodged            |    72 |   114 |   273 |    97 ||   556
